 Dungeon Crawl Stone Soup version 0.30-a0-782-ge64f9170bb (webtiles) character file.

Game seed: 15128338999529349491

56 JumpingJurisdiction the Ducker (level 4, -4/31 HPs)
             Began as a Djinni Fire Elementalist on Feb 18, 2023.
             Slain by Sigmund
             ... wielding a +0 scythe
              (11 damage)
             ... on level 3 of the Dungeon on Feb 19, 2023.
             The game lasted 00:13:28 (1375 turns).

JumpingJurisdiction the Ducker (DjFE)               Turns: 1375, Time: 00:13:29

Health: -4/31      AC:  2    Str:  9    XL:     4   Next: 15%
Gold:   25         EV: 13    Int: 16    God:
                   SH:  0    Dex: 14

rFire   + + .      SeeInvis .    g - +0 quarterstaff
rCold   x . .      Faith    .    (shield currently unavailable)
rNeg    . . .      Spirit   .    e - +0 robe
rPois   ∞          Reflect  .    (no helmet)
rElec   .          Harm     .    (no cloak)
rCorr   .          Rampage  .    (no gloves)
Will    .....                    (boots unavailable)
Stlth   ++                       (no amulet)
HPRegen 0.25/turn                (no ring)
MPRegen 0.00/turn                (no ring)

@: flying
A: sickness immunity, fire resistance 2, cold vulnerability 1, float, innate
caster, HP casting, extra vitality 1
a: no special abilities


You were on level 3 of the Dungeon.
You visited 1 branch of the dungeon, and saw 3 of its levels.

You collected 25 gold pieces.

Inventory:

Hand Weapons
 c - a +0 dagger
 g - a +0 quarterstaff (weapon)
Armour
 a - a +0 robe
 b - a +0 robe
 e - a +0 robe (worn)
Scrolls
 f - a scroll of identify {unknown}
 h - a scroll of enchant weapon {unknown}
Potions
 d - 2 potions of mutation {unknown}


   Skills:
 + Level 3.2 Dodging
 + Level 2.4 Stealth
 + Level 2.9 Spellcasting


You couldn't memorise any spells.
You knew the following spells:

 Your Spells              Type           Power      Damage    Failure   Level
a - Foxfire               Conj/Fire      44%        2x1d6     6%          1
b - Scorch                Fire           22%        2d6       9%          2
c - Kindle Blastsparks    Fire/Tloc/Air  22%        2d11      17%         3
d - Inner Flame           Hex/Fire       11%        N/A       17%         3
e - Flame Wave            Conj/Fire      11%        2d6       50%         4
f - Sting                 Tmut/Pois      44%        1d5       6%          1
Your spell library was empty.

Dungeon Overview and Level Annotations

Branches:
Dungeon (3/15)

Altars:

Annotations:
D:3 Sigmund


Innate Abilities, Weirdness & Mutations

You are immune to sickness and miasma.
You are immune to poison.
Your flesh is very heat resistant. (rF++)
You are vulnerable to cold. (rC-)
You float through the air rather than walking.
You learn spells naturally, not from books.
Your magical power is your life essence.
You have superior vitality. (+4 MHP)


Message History

Casting: Foxfire (safe; 6% risk of failure)
Confirm with . or Enter, or press ? or * to list all spells.
You conjure some foxfire!
The foxfire hits Sigmund.
Sigmund resists.
Sigmund is moderately wounded.
The foxfire hits Sigmund.
Sigmund completely resists.
Sigmund is moderately wounded.
Sigmund barely misses you.
Casting: Foxfire (safe; 6% risk of failure)
Confirm with . or Enter, or press ? or * to list all spells.
You conjure some foxfire!
Sigmund closely misses you.
Casting: Foxfire (safe; 6% risk of failure)
Confirm with . or Enter, or press ? or * to list all spells.
You conjure some foxfire!
The foxfire hits Sigmund but does no damage.
Sigmund is moderately wounded.
The foxfire hits Sigmund but does no damage.
Sigmund is moderately wounded.
The foxfire hits Sigmund.
Sigmund resists.
Sigmund is moderately wounded.
The foxfire hits Sigmund.
Sigmund resists.
Sigmund is heavily wounded.
Casting: Foxfire (safe; 6% risk of failure)
Confirm with . or Enter, or press ? or * to list all spells.
You conjure some foxfire!
The foxfire hits Sigmund.
Sigmund completely resists.
Sigmund is heavily wounded.
The foxfire hits Sigmund.
Sigmund resists.
Sigmund is heavily wounded.
Sigmund points at you and mumbles some strange words.
The puff of flame hits you. You resist.
* * * LOW HITPOINT WARNING * * *
Casting: Foxfire (safe; 6% risk of failure)
Confirm with . or Enter, or press ? or * to list all spells.
You conjure some foxfire!
* * * LOW HITPOINT WARNING * * *
The foxfire hits Sigmund but does no damage.
Sigmund is heavily wounded.
The foxfire hits Sigmund.
Sigmund completely resists.
Sigmund is heavily wounded.
Sigmund hits you from afar with a +0 scythe!
You die...

########
#......###
#........#
####.)###.#.#
#..÷..# #...#
#.##..# #.###
#.##..# #.#
#.##.v#####
#.@.@v....#
#.##§§##.##
#.##..##.#
#.##..##@#
#<##.....#
####[###.#
#.# #.# #.#
#.# #. #.#


You could see Sigmund (ally target).

Vanquished Creatures
  2 adders (D:2)
  6 ball pythons
  2 endoplasms
  A giant cockroach (D:2)
  5 goblins
  3 hobgoblins (D:1)
  5 quokkas (D:1)
  2 bats (D:1)
  2 frilled lizards
  6 kobolds
  4 rats
38 creatures vanquished.

Vanquished Creatures (others)
  114 foxfires
114 creatures vanquished.

Grand Total: 152 creatures vanquished

Notes
Turn   | Place    | Note
-------+----------+-------------------------------------------
     0 | D:1      | JumpingJurisdiction the Djinni Fire Elementalist began the
                  | quest for the Orb.
     0 | D:1      | JumpingJurisdiction set off with the following spells
                  | memorised: Foxfire, Scorch, Kindle Blastsparks, Inner
                  | Flame, Flame Wave.
     0 | D:1      | Reached XP level 1. HP: 15/15 MP: 0/0
   294 | D:1      | Reached XP level 2. HP: 19/21 MP: 0/0
   713 | D:1      | Reached XP level 3. HP: 24/25 MP: 0/0
   713 | D:1      | Learned a level 1 spell: Sting
  1182 | D:3      | Noticed Sigmund
  1258 | D:2      | Reached skill level 3 in Dodging
  1276 | D:2      | Reached XP level 4. HP: 27/31 MP: 0/0
  1357 | D:2      | You are sucked into a shaft and drop 1 floor!
  1375 | D:3      | Slain by Sigmund

Illustrated notes

Levels and vault maps discovered:
D:1:      enne_arrival_octagon_isle, layout_loops_ring
D:2:      layout_basic
D:3:      layout_basic, guppyfry_early_lair_pool, uniq_sigmund

Skill      XL: |  1  2  3 |
---------------+----------+-----
Stealth        | 2 |  2.4
Dodging        | 3 |  3.2
Spellcasting   | |  2.9

Action                     |  1- 3 |  4- 6 || total
---------------------------+-------+-------++-------
  Melee: Unarmed           |     4 |       ||     4
         Dagger            |    12 |       ||    12
   Cast: Foxfire           |    77 |    19 ||    96
   Stab: Sleeping          |     1 |       ||     1
 Armour: Robe              |     8 |       ||     8
  Dodge: Dodged            |    39 |     4 ||    43

Table legend: (Time is in decaauts)
 A = Elapsed time spent in this place.
 B = Non-inter-level travel time spent in this place.
 C = Inter-level travel time spent in this place.
 D = Time resting spent in this place.
 E = Time spent auto-exploring this place.
 F = Levels seen in this place.
 G = Mean time per level.
                   A        B        C        D        E       F      G
               +--------+--------+--------+--------+--------+-----+--------+
         Total |   1373 |    574 |    799 |    245 |      0 |   3 |  457.7 |
       Dungeon |   1373 |    574 |    799 |    245 |      0 |   3 |  457.7 |
               +--------+--------+--------+--------+--------+-----+--------+

Top non-repeatable levels by time:
     D:1: 1002 daAuts
     D:2: 197 daAuts
     D:3: 174 daAuts
